 Dungeon Crawl Stone Soup version 0.30.0-29-ga12c61a403 (webtiles) character file.

Game seed: 4220590332020914997

139 Charmandara the Sneak (level 5, 27/34 HPs)
             Began as an Octopode Brigand on June 4, 2023.
             Was a Follower of Nemelex Xobeh.
             Quit the game on level 4 of the Dungeon on June 7, 2023.
             The game lasted 00:05:52 (1965 turns).

Charmandara the Sneak (Octopode Brigand)            Turns: 1965, Time: 00:05:53

Health: 27/34      AC:  1    Str: 10    XL:     5   Next: 22%
Magic:  5/5        EV: 13    Int: 13    God:    Nemelex Xobeh [*.....]
Gold:   124        SH:  0    Dex: 22    Spells: 4/4 levels left

rFire   . . .        r - +0 short sword (venom)
rCold   . . .        (no shield)
rNeg    . . .        (helmet restricted)
rPois   .            n - amulet of faith
rElec   .            k - +6 ring of dexterity
rCorr   .            (no ring)
SInv    .            (no ring)
Will    .....        (no ring)
Stlth   +++++        (no ring)
HPRegen 0.25/turn    (no ring)
MPRegen 0.09/turn    (no ring)
                     (no ring)

%: faith
@: no status effects
A: almost no armour, amphibious, 8 rings, camouflage 1, gelatinous body 1,
(nimble swimmer 1), tentacles
a: Renounce Religion, Draw Escape, Draw Destruction, Draw Summoning


You were on level 4 of the Dungeon.
You worshipped Nemelex Xobeh.
Nemelex Xobeh was aware of your devotion.
You visited 1 branch of the dungeon, and saw 4 of its levels.

You collected 124 gold pieces.

Inventory:

Hand Weapons
 a - a +2 dagger
 p - a +0 vampiric dagger
 r - a +0 short sword of venom (weapon)
Missiles
 b - 8 poisoned darts (quivered)
 c - 3 curare-tipped darts
Jewellery
 k - a +6 ring of dexterity (left tentacle)
 n - an amulet of faith (around mantle)
Scrolls
 f - a scroll of vulnerability {unknown}
 h - 3 scrolls of fog
 j - 3 scrolls of poison
 s - 2 scrolls of identify {unknown}
 t - a scroll of fear {unknown}
 v - 3 scrolls of teleportation
 x - a scroll of acquirement {unknown}
Potions
 d - 2 potions of berserk rage {unknown}
 e - 4 potions of cancellation {unknown}
 g - 2 potions of curing {unknown}
 i - a potion of haste {unknown}
 l - a potion of mutation {unknown}
 m - 2 potions of attraction {unknown}
 o - 3 potions of flight {unknown}
 q - a potion of magic {unknown}
 u - a potion of degeneration {unknown}
 w - a potion of might {unknown}


   Skills:
 - Level 2.0 Fighting
 + Level 3.4 Short Blades
 + Level 3.2 Throwing
 - Level 1.0 Dodging
 + Level 6.7 Stealth


You had 4 spell levels left.
You didn't know any spells.
Your spell library contained the following spells:

 Spells                   Type           Power      Damage    Failure   Level
 Sandblast                Erth           0%         2d4       30%         1
 Cigotuvi's Dreadful Rot  Necr/Pois/Air  0%         N/A       43%         2
 Passwall                 Tmut/Erth      0%         N/A       43%         2
 Stone Arrow              Conj/Erth      0%         3d7       67%         3
 Dispel Undead            Necr           0%         3d6       97%         4
 Death Channel            Necr           0%         N/A       100%        6
 Lehudib's Crystal Spear  Conj/Erth      0%         10d2      100%        8
 Animate Armour           Summ/Erth      Unusable   N/A       N/A         4

Dungeon Overview and Level Annotations

Branches:
Dungeon (4/15)
 Temple: D:4-7

Altars:
Nemelex Xobeh

Shops:
D:1 (


Innate Abilities, Weirdness & Mutations

You cannot wear most types of armour.
You are amphibious.
You can wear up to eight rings at the same time.
Your skin changes colour to match your surroundings (Stealth+).
Your rubbery body absorbs attacks. (AC +1, EV +1)
((You are camouflaged when in or above water. (Stealth+)))
You have tentacles for arms and can constrict up to eight enemies at once.


Message History

The kobold shouts!
The kobold hits you with a +0 dagger.
You hit the kobold.
You kill the kobold!
You see here a +0 dagger.
HP restored.
An endoplasm comes into view.
Throw: 8 darts (poison)
Press: ? - help, Q - select action, (/) - cycle Shift-Dir - straight line, f - endoplasm
Aim: an endoplasm (asleep, 98% to hit)
You throw a poisoned dart. The poisoned dart hits the endoplasm.
The endoplasm quivers.
Unknown command.
Found a dagger.
A quokka comes into view.
The endoplasm freezes you.
You are frozen.
You hit the endoplasm but do no damage.
The endoplasm is poisoned.
The endoplasm hits you.
You hit the endoplasm but do no damage.
The endoplasm looks as sick as possible!
The endoplasm freezes you.
You are frozen.
You hit the endoplasm but do no damage.
The endoplasm is lightly wounded.
The endoplasm freezes you.
You are frozen.
You hit the endoplasm.
The endoplasm looks as sick as possible!
The endoplasm is severely wounded.
You hit the endoplasm.
You kill the endoplasm!
Found 3 gold pieces.
b - 8 poisoned darts (gained 1)
Found a scale mail.
The helpless quokka fails to defend itself.
You impale the quokka!!
You kill the quokka!
You now have 124 gold pieces (gained 3).
Are you sure you want to abandon this character and quit the game? (Confirm with "yes".)

#...######
##.........
#.........#
#.#..####.#
#.......#..# #
#####.###..# #)
#..# #
#..#####.##
#..@.......
#....[.........
###############


There were no monsters in sight!

Vanquished Creatures
  3 gnolls (D:2)
  4 adders
  A worm (D:2)
  3 dart slugs
  6 ball pythons
  4 endoplasms
  A giant cockroach (D:1)
  4 goblins
  4 hobgoblins
  8 jackals
  4 quokkas
  5 bats
  6 frilled lizards
  9 kobolds
  4 rats
66 creatures vanquished.

Notes
Turn   | Place    | Note
-------+----------+-------------------------------------------
     0 | D:1      | Charmandara the Octopode Brigand began the quest for the
                  | Orb.
     0 | D:1      | Reached XP level 1. HP: 14/14 MP: 1/1
   195 | D:1      | Reached XP level 2. HP: 10/19 MP: 2/2
   519 | D:1      | Reached XP level 3. HP: 24/24 MP: 3/3
   519 | D:1      | Found Ebayrruc's Weapon Shop.
   714 | D:2      | Reached skill level 6 in Stealth
   790 | D:2      | Found a sparkling altar of Nemelex Xobeh.
   796 | D:2      | Reached XP level 4. HP: 29/29 MP: 4/4
   797 | D:2      | Became a worshipper of Nemelex Xobeh the Trickster
  1546 | D:3      | Reached * piety under Nemelex Xobeh
  1620 | D:3      | Received a gift from Nemelex Xobeh
  1683 | D:3      | Reached XP level 5. HP: 29/34 MP: 5/5
  1965 | D:4      | Quit the game

Illustrated notes

Levels and vault maps discovered:
D:1:      eino_arrival_tree_alley, layout_loops_ring, serial_shops, shop,
          minmay_tall_x
D:2:      layout_basic, basic_altar
D:3:      layout_rooms
D:4:      layout_loops_ring, chequers_temple_overflow_statue_of_worship,
          mainiacjoe_overflow_alcove_1, serial_shops, shop

Skill      XL: |  1  2  3  4 |
---------------+-------------+-----
Stealth        | 6 |  6.7
Short Blades   | 3 |  3.4
Throwing       | 3 |  3.2
Fighting       | |  2.0
Dodging        | |  1.0

Action                     |  1- 3 |  4- 6 || total
---------------------------+-------+-------++-------
  Melee: Dagger            |    39 |       ||    39
         Constrict         |     9 |    13 ||    22
         Tentacles         |     3 |    10 ||    13
         Short sword       |     1 |    61 ||    62
  Throw: Dart              |     1 |    10 ||    11
    Use: Scroll            |     5 |       ||     5
   Stab: Sleeping          |    12 |    15 ||    27
 Armour: Skin              |       |     2 ||     2
  Dodge: Dodged            |    24 |    19 ||    43
